 Dungeon Crawl Stone Soup version 0.25-a0-558-g78a2afb0af (webtiles) character file.

Game seed: 9813678251548608338, levelgen mode: classic

23858 EnegeticOcto the Cleaver (level 12, -5/117 HPs)
             Began as a Deep Dwarf Fighter on Feb 24, 2020.
             Was the Champion of Makhleb.
             Splashed by a brown ugly thing's acid (9 damage)
             ... on level 12 of the Dungeon.
             The game lasted 00:07:34 (8123 turns).

EnegeticOcto the Cleaver (Deep Dwarf Fighter)       Turns: 8123, Time: 00:07:35

Health: -5/117     AC: -1    Str: 29    XL:     12   Next: 75%
Magic:  14/14      EV: 10    Int: 11    God:    Makhleb [******]
Gold:   0          SH: 12    Dex:  7    Spells: 11/11 levels left

rFire    . . .     SeeInvis .   a - +1 war axe
rCold    + . .     Gourm    .   c - +1 kite shield
rNeg     . . .     Faith    .   A - +1 chain mail {rC+}
rPois    +         Spirit   .   b - +2 helmet {Int+3}
rElec    .         Reflect  .   r - +0 cloak
rCorr    .         Harm     .   o - +0 pair of gloves
MR       +....     Clarity  +   (no boots)
Stlth    ..........             (no amulet)
HPRegen  0.00/turn              s - +3 ring of strength
MPRegen  0.14/turn              y - ring "Loumim" {Wiz +Blink rPois Dex-5}

@: corroded, non-regenerating, lightly drained
A: damage resistance, heal wounds, talons 1, clarity, sense surroundings 2, no
regeneration
a: Heal Wounds, Minor Destruction, Lesser Servant of Makhleb, Major Destruction,
Greater Servant of Makhleb, Renounce Religion, Evoke Blink


You were on level 12 of the Dungeon.
You worshipped Makhleb.
Makhleb was exalted by your worship.
You were not hungry.

You visited 1 branch of the dungeon, and saw 12 of its levels.

You collected 255 gold pieces.
You spent 255 gold pieces at shops.

Inventory:

Hand Weapons
 a - a +1 war axe (weapon)
Armour
 b - a +2 helmet of intelligence (worn)
 c - a +1 kite shield (worn)
 o - a +0 pair of gloves (worn)
 r - a +0 cloak (worn)
 A - a +1 chain mail of cold resistance (worn)
Jewellery
 s - a +3 ring of strength (left hand)
 y - the ring "Loumim" (right hand) {Wiz +Blink rPois Dex-5}
   (You found it on level 7 of the Dungeon)

   [ring of wizardry]

   It improves your spell success rate.
   It affects your dexterity (-5).
   It protects you from poison.
   It lets you blink.
Wands
 B - a wand of iceblast (12)
Scrolls
 d - 4 scrolls of enchant armour
 f - 2 scrolls of remove curse {@r6}
 g - 4 scrolls of magic mapping {@r5}
 h - a scroll of blinking {@r3}
 w - 2 scrolls of teleportation {@r2}
Potions
 j - a potion of stabbing {@q5}
 k - 3 potions of might {@q3}
 l - 3 potions of invisibility
 m - 3 potions of resistance {@q6}
 n - 4 potions of haste {@q4}
 p - a potion of flight
 q - 2 potions of ambrosia
 u - 2 potions of lignification {@q7}
 x - a potion of heal wounds {@q2}
 z - 4 potions of curing {@q1}
Comestibles
 e - 17 rations


   Skills:
 * Level 10.3(9.9) Fighting
 * Level 11.7(11.3) Axes
 + Level 9.0(8.6) Armour
 + Level 8.1(7.7) Dodging
 + Level 9.0(8.6) Shields
 * Level 11.1(10.7) Invocations


You had 11 spell levels left.
You didn't know any spells.
Your spell library was empty.

Dungeon Overview and Level Annotations

Branches:
Dungeon (12/15)            Temple (0/1) D:7            Lair (0/6) D:8
    Orc (0/2) D:9

Altars:
Ashenzari
Dithmenos
Elyvilon
Makhleb
Uskayaw
Wu Jian
The Shining One

Shops:
D:7 !   D:11 }

Annotations:
D:7 3 runed translucent doors
D:8 3 runed translucent doors, 1 exclusion, Eightlegvermin's ghost, novice OpTm; Yermak's ghost, novice CeIE; utis's ghost, novice TeAM
D:10 exclusion: orange crystal statue
D:11 Maurice


Innate Abilities, Weirdness & Mutations

You are resistant to damage.
You can heal yourself by infusing magical energy.
You passively map the area around you.
You do not regenerate.
You have sharp toenails.
You possess an exceptional clarity of mind.


Message History

There are monsters nearby!
There are monsters nearby!
There are monsters nearby!
There are monsters nearby!
There are monsters nearby!
There are monsters nearby!
There are monsters nearby!
There are monsters nearby!
You slice the centaur skeleton!!
You destroy the centaur skeleton!
Makhleb accepts your kill. The brown ugly thing barely misses you.
You slash the brown ugly thing!
The brown ugly thing is moderately wounded.
You closely miss the brown ugly thing.
You claw the brown ugly thing, but do no damage.
The brown ugly thing is moderately wounded.
You block the brown ugly thing's attack.
You closely miss the brown ugly thing. Your kick misses the brown ugly thing.
The brown ugly thing is moderately wounded.
You block the brown ugly thing's attack.
You hit the brown ugly thing but do no damage.
The brown ugly thing is moderately wounded.
You block the brown ugly thing's attack.
You closely miss the brown ugly thing. You claw the brown ugly thing.
The brown ugly thing is moderately wounded.
You block the brown ugly thing's attack.
You barely miss the brown ugly thing. Your kick misses the brown ugly thing.
The brown ugly thing is moderately wounded.
The brown ugly thing bites you but does no damage.
You closely miss the brown ugly thing. You claw the brown ugly thing.
The brown ugly thing is moderately wounded.
The brown ugly thing bites you but does no damage.
You slash the brown ugly thing! Your kick misses the brown ugly thing.
The brown ugly thing is heavily wounded.
The brown ugly thing bites you. The acid corrodes you!
You are splashed with acid!
You hit the brown ugly thing. Your kick misses the brown ugly thing.
The brown ugly thing is heavily wounded.
The brown ugly thing bites you.
You are splashed with acid!
You hit the brown ugly thing.
The brown ugly thing is heavily wounded.
The brown ugly thing bites you! The acid corrodes you!
You are splashed with acid!
You slash the brown ugly thing! Your kick misses the brown ugly thing.
The brown ugly thing is severely wounded.
The brown ugly thing bites you but does no damage.
You closely miss the brown ugly thing. Your kick misses the brown ugly thing.
The brown ugly thing is severely wounded.
You block the brown ugly thing's attack.
You barely miss the brown ugly thing. You claw the brown ugly thing.
The brown ugly thing is severely wounded.
The brown ugly thing bites you. The acid corrodes you!
You are splashed with acid!
You hit the brown ugly thing but do no damage.
You claw the brown ugly thing, but do no damage.
The brown ugly thing is severely wounded.
The brown ugly thing bites you but does no damage.
You barely miss the brown ugly thing.
The brown ugly thing is severely wounded.
You block the brown ugly thing's attack.
A brown ugly thing is nearby!
A brown ugly thing is nearby!
You hit the brown ugly thing but do no damage.
Your kick misses the brown ugly thing.
The brown ugly thing is severely wounded.
The brown ugly thing bites you. The acid corrodes you!
You are splashed with acid!
You hit the brown ugly thing but do no damage.
Your kick misses the brown ugly thing.
The brown ugly thing is severely wounded.
The brown ugly thing bites you!
You are splashed with acid!
You closely miss the brown ugly thing.
The brown ugly thing is severely wounded.
The brown ugly thing bites you.
You are splashed with acid!
You are too injured to fight recklessly!
You are too injured to fight recklessly!
You feel much better. The brown ugly thing bites you. The acid corrodes you!
You are splashed with acid!
You closely miss the brown ugly thing.
You claw the brown ugly thing, but do no damage.
The brown ugly thing is severely wounded.
The brown ugly thing bites you! The acid corrodes you!
You are splashed with acid!
You are too injured to fight recklessly!
You are too injured to fight recklessly!
You are too injured to fight recklessly!
You are too injured to fight recklessly!
You are too injured to fight recklessly!
You are too injured to fight recklessly!
You are too injured to fight recklessly!
The brown ugly thing bites you!
* * * LOW HITPOINT WARNING * * *
You are splashed with acid!
* * * LOW HITPOINT WARNING * * *
You block the brown ugly thing's attack.
The brown ugly thing bites you!
* * * LOW HITPOINT WARNING * * *
The acid corrodes you!
You are splashed with acid!
You die...

##....### ,
* *
####...+ ,
, ##..+ *,,
+*
########'#
, *
#........#
, , *,*
#........#
,, , , , ,
#........##
+ * ***
+<......u.+
, ,, , *
#......@..#
* , , ,**
######+####
,, , , , *
, ** * **
** * , * *,
, * * , * *
* * * * , ,
, , ,, , ,
,


You could see a brown ugly thing.

Vanquished Creatures
  Josephine (D:11)
  4 two-headed ogres
  Nergalle (D:11)
  2 unseen horrors
  Pikel (D:8)
  An ugly thing (D:10)
  2 cyclopes
  A centaur zombie (D:10)
  A kobold demonologist (D:11)
  A komodo dragon (D:11)
  A troll (D:11)
  5 slime creatures (D:10)
  2 hippogriffs
  Prince Ribbit (D:9)
  3 shadows
  31 yaks
  4 wraiths (D:11)
  2 wyverns
  A human (D:8)
  4 hogs (D:8)
  A basilisk (D:8)
  A hungry ghost (D:7)
  A water moccasin (D:7)
  3 slaves (D:8)
  3 porcupines (D:8)
  A black bear (D:10)
  4 ice beasts
  4 orc warriors
  2 sky beasts
  A phantom (D:10)
  7 ogres
  11 centaurs
  4 crocodiles
  3 big kobolds
  6 bullfrogs
  A water moccasin zombie (D:10)
  A scorpion (D:8)
  10 killer bees
  12 wights
  3 howler monkeys
  10 crimson imps
  3 bullfrog zombies
  2 human zombies (D:8)
  4 hounds
  4 jellies
  13 orc wizards
  5 centaur skeletons
  12 orc priests
  A human skeleton (D:8)
  8 iguanas
  8 worker ants
  A killer bee zombie (D:10)
  A howler monkey zombie (D:10)
  10 adders
  A shadow imp (D:6)
  2 oozes
  An adder zombie (D:10)
  2 adder skeletons
  2 worms
  A dart slug (D:4)
  7 leopard geckos
  42 orcs
  9 bats
  5 giant cockroaches
  11 goblins
  9 hobgoblins
  14 jackals
  4 quokkas
  A ball python (D:3)
  4 frilled lizards
  14 kobolds
  2 quokka skeletons
  A quokka zombie (D:7)
  5 rats
  A plant (D:8)
368 creatures vanquished.

Vanquished Creatures (others)
  A yak (D:8)
  A slave (D:8)
  An adder (D:7)
  A fungus (D:8)
  A plant (D:8)
  2 withered plants (D:8)
7 creatures vanquished.

Grand Total: 375 creatures vanquished

Notes
Turn   | Place    | Note
-------+----------+-------------------------------------------
     0 | D:1      | EnegeticOcto the Deep Dwarf Fighter began the quest for the
                  | Orb.
     0 | D:1      | Reached XP level 1. HP: 20/20 MP: 1/1
    32 | D:1      | Reached XP level 2. HP: 27/27 MP: 2/2
   171 | D:2      | Found a burning altar of Makhleb.
   176 | D:2      | Became a worshipper of Makhleb the Destroyer
   381 | D:2      | Reached XP level 3. HP: 28/34 MP: 3/3
   852 | D:3      | Reached skill level 1 in Dodging
  1009 | D:3      | Reached * piety under Makhleb
  1136 | D:3      | Reached XP level 4. HP: 37/42 MP: 4/4
  1416 | D:4      | Noticed an ogre
  1421 | D:4      | Reached skill level 1 in Invocations
  1440 | D:4      | Killed an ogre
  1440 | D:4      | Reached XP level 5. HP: 48/50 MP: 2/4
  1455 | D:4      | Reached XP level 6. HP: 35/57 MP: 5/5
  1545 | D:4      | Found a shadowy altar of Dithmenos.
  1615 | D:4      | Reached ** piety under Makhleb
  1949 | D:5      | Entered Level 5 of the Dungeon
  2082 | D:5      | Reached XP level 7. HP: 66/66 MP: 7/7
  2231 | D:5      | Found a white marble altar of Elyvilon.
  2311 | D:5      | Reached skill level 5 in Axes
  2623 | D:5      | Reached *** piety under Makhleb
  2623 | D:5      | Reached skill level 5 in Fighting
  2818 | D:6      | Reached XP level 8. HP: 69/74 MP: 8/8
  2919 | D:6      | Found a shadowy altar of Dithmenos.
  3178 | D:6      | Reached skill level 5 in Shields
  3180 | D:6      | Reached skill level 5 in Armour
  3467 | D:7      | Found a runed translucent door.
  3468 | D:7      | Noticed a two-headed ogre
  3468 | D:7      | Noticed a hornet
  3470 | D:7      | Found a runed translucent door.
  3470 | D:7      | Found a runed translucent door.
  3490 | D:7      | Found a staircase to the Ecumenical Temple.
  3546 | D:7      | Noticed a cyclops
  3547 | D:7      | Noticed a hippogriff
  3593 | D:7      | Killed a hippogriff
  3593 | D:7      | Reached skill level 5 in Invocations
  3603 | D:7      | Killed a cyclops
  3603 | D:7      | Gained mutation: You passively map the area around you.
                  | [Deep Dwarf growth]
  3603 | D:7      | Reached XP level 9. HP: 39/84 MP: 10/10
  3814 | D:7      | Found Sounwot's Distillery.
  3818 | D:7      | Bought a potion of invisibility for 120 gold pieces
  3818 | D:7      | Bought a potion of heal wounds for 75 gold pieces
  3818 | D:7      | Bought a potion of might for 60 gold pieces
  3873 | D:7      | Found an ornate altar of the Wu Jian Council.
  3946 | D:7      | Got a heavily runed platinum ring
  4218 | D:7      | Got brightly glowing fire dragon scales
  4229 | D:7      | Identified the cursed +0 fire dragon scales of Filth {rElec
                  | rF++ rC- Int+6 Dex-2 Slay-6} (You found it on level 7 of
                  | the Dungeon)
  4230 | D:7      | Identified the ring "Loumim" {Wiz +Blink rPois Dex-5} (You
                  | found it on level 7 of the Dungeon)
  4275 | D:8      | Noticed Pikel
  4300 | D:8      | Reached **** piety under Makhleb
  4304 | D:8      | Reached skill level 5 in Dodging
  4323 | D:8      | Reached XP level 10. HP: 52/94 MP: 9/9
  4341 | D:8      | Killed Pikel
  4360 | D:8      | Found a staircase to the Lair.
  4417 | D:8      | Killed an unseen horror
  4615 | D:8      | Found a runed translucent gate.
  4615 | D:8      | Found a runed translucent gate.
  4615 | D:8      | Found a runed translucent gate.
  4620 | D:8      | Noticed utis's ghost (novice TeAM)
  4620 | D:8      | Noticed Eightlegvermin's ghost (novice OpTm)
  4621 | D:8      | Noticed Yermak's ghost (novice CeIE)
  4663 | D:8      | Reached ***** piety under Makhleb
  5088 | D:9      | Found a staircase to the Orcish Mines.
  5113 | D:9      | Noticed Prince Ribbit
  5149 | D:9      | Reached XP level 11. HP: 80/104 MP: 10/10
  5158 | D:9      | Gained mutation: You have sharp toenails. [potion of
                  | mutation]
  5158 | D:9      | Gained mutation: You possess an exceptional clarity of
                  | mind. [potion of mutation]
  5179 | D:9      | Killed Prince Ribbit
  5339 | D:9      | Found a shattered altar of Ashenzari.
  5688 | D:10     | Entered Level 10 of the Dungeon
  5804 | D:10     | Noticed an orange crystal statue
  6115 | D:10     | Reached skill level 10 in Axes
  6245 | D:10     | Identified a scroll of acquirement
  6301 | D:10     | Killed an unseen horror
  6499 | D:10     | Found a runed translucent door.
  6502 | D:10     | Noticed a two-headed ogre
  6509 | D:10     | Killed a two-headed ogre
  6694 | D:10     | Found a runed translucent door.
  6804 | D:10     | Noticed a two-headed ogre
  6817 | D:10     | Killed a two-headed ogre
  6827 | D:10     | Noticed a white ugly thing
  6839 | D:10     | Killed a white ugly thing
  6842 | D:10     | Noticed a two-headed ogre
  6862 | D:10     | Killed a two-headed ogre
  6922 | D:10     | Reached XP level 12. HP: 78/115 MP: 13/13
  6979 | D:11     | Reached ****** piety under Makhleb
  7041 | D:11     | Noticed a two-headed ogre
  7042 | D:11     | Noticed Maurice
  7051 | D:11     | Killed a two-headed ogre
  7051 | D:11     | Reached skill level 10 in Invocations
  7065 | D:11     | Noticed Josephine
  7082 | D:11     | Killed Josephine
  7279 | D:11     | Reached skill level 10 in Fighting
  7441 | D:11     | Found a hide-covered altar of Uskayaw.
  7451 | D:11     | Noticed Nergalle
  7453 | D:11     | Found Qepaehor's Gadget Shop.
  7462 | D:11     | Killed Nergalle
  7884 | D:11     | Found a glowing golden altar of the Shining One.
  8123 | D:12     | HP: 4/117 [brown ugly thing (15)]
  8123 | D:12     | Splashed by a brown ugly thing's acid

Levels and vault maps discovered:
D:1:      lightli_arrival_maybe_door_vault, layout_basic
D:2:      layout_loops_corners, bloody_makhleb, uniq_jessica
D:3:      layout_basic
D:4:      cheibrodos_greedy_goblins, layout_cave_pools, lemuel_crystal_altar
D:5:      layout_basic, nicolae_overflow_hidden_temple, first_ration
D:6:      layout_basic, minmay_misc_feat_rugged,
          grunt_dithmenos_smoke_and_mirrors
D:7:      minmay_the_grid_four_pointed_star [minmay_the_grid_triangle_9x9_sprig,
          minmay_the_grid_triangle_9x9_from_above,
          minmay_the_grid_triangle_9x9_fully_insulated_deathbox,
          minmay_the_grid_triangle_9x9_pentomino_pain,
          minmay_the_grid_prize_trominoes], layout_cave_pools,
          lemuel_round_altar, minmay_temple_entry_gardened_gates, serial_shops,
          shop
D:8:      layout_rooms, lemuel_mausoleum_altar_kikubaaqudgha,
          minmay_lair_entry_grove, gammafunk_ghost_cemetery, grunt_livestock,
          uniq_pikel
D:9:      layout_basic, ashenzari_conservatory_becter, orc_0_dummy,
          uniq_prince_ribbit1
D:10:     cheibrodos_histonic, layout_basic, minivault_16, bh_walls_and_bars
D:11:     layout_basic, basic_altar, serial_shops, nicolae_shop_waterfront,
          tso_altar, uniq_maurice, uniq_josephine, uniq_nergalle
D:12:     layout_roguey, serial_glass, glass_columns_a, glass_columns_a,
          kennysheep_generic_room_7

Skill      XL: |  1  2  3  4  5  6  7  8  9 10 11 12 |
---------------+-------------------------------------+-----
Fighting       | 3 4 5 6 7 8 9 10 | 10.3
Axes           | 3 4 5 7 8 9 10 11 | 11.7
Dodging        | 1 2 3 4 5 6 7 8 |  8.1
Invocations    | 1 2 3 5 6 7 9 11 | 11.1
Shields        | 4 5 6 7 8 9 |  9.0
Armour         | 4 5 6 7 8 9 |  9.0

Action                   |  1- 3 |  4- 6 |  7- 9 | 10-12 || total
-------------------------+-------+-------+-------+-------++-------
Melee: War axe           |   183 |   131 |   415 |   742 ||  1471
       Kick              |       |       |       |   182 ||   182
 Abil: Heal Wounds       |     1 |     6 |    12 |    12 ||    31
Evoke: Wand              |       |       |       |     2 ||     2
  Use: Scroll            |       |       |    11 |    12 ||    23
       Potion            |       |       |       |     1 ||     1
  Eat: Chunk             |     1 |     4 |    14 |    12 ||    31
       Ration            |       |       |     2 |     1 ||     3
Armor: Scale mail        |    26 |       |       |       ||    26
       Plate armour      |    90 |    92 |   206 |       ||   388
       Chain mail        |       |       |   127 |   401 ||   528
Dodge: Dodged            |    46 |    41 |   187 |   275 ||   549
Block: Kite shield       |   125 |    82 |   368 |   528 ||  1103

Table legend:
 A = Non-vault XP
 B = Vault XP
 C = Vault XP percentage of total XP
 D = Non-vault monster count
 E = Vault monster count
 F = Vault count percentage of total count
                 A         B        C        D         E       F
            +---------+---------+-------+---------+---------+-------
      Total |   21294 |   12789 |  37.5 |     295 |      71 |  19.4
            +---------+---------+-------+---------+---------+-------
        D:1 |      22 |       0 |   0.0 |      11 |       0 |   0.0
        D:2 |      35 |       0 |   0.0 |      18 |       0 |   0.0
        D:3 |      49 |       0 |   0.0 |      20 |       0 |   0.0
        D:4 |     561 |      20 |   3.4 |      28 |      10 |  26.3
        D:5 |     606 |       0 |   0.0 |      22 |       0 |   0.0
        D:6 |     723 |       0 |   0.0 |      16 |       0 |   0.0
        D:7 |     988 |    1438 |  59.3 |      18 |      12 |  40.0
        D:8 |    1896 |    3836 |  66.9 |      32 |      23 |  41.8
        D:9 |     987 |     264 |  21.1 |      21 |       1 |   4.5
       D:10 |    5868 |    4581 |  43.8 |      36 |      19 |  34.5
       D:11 |    9520 |    2650 |  21.8 |      72 |       6 |   7.7
       D:12 |      39 |       0 |   0.0 |       1 |       0 |   0.0
            +---------+---------+-------+---------+---------+-------
